SAAA
ELLENBURG FIGHTING DACHSUNDS @ PORT ROYAL DISASTER
07/17/2031
 
TOP OF THE 1ST
Ellenburg Fighting Dachsunds batting - Pitching for Port Royal Disaster : RHP Masaharu Sakata
Pitching: RHP Masaharu Sakata
Batting: LHB Francisco Alfaro 0-0: Ball
1-0: Ball
2-0: Ball
3-0: Base on Balls
Batting: RHB Manny Bendixen 0-0: Foul Ball, location: 2F
0-1: Ball
1-1: Swinging Strike
1-2: Ball
2-2: Ball
3-2: Fly out, F8 (Flyball, 78M)
Batting: LHB Shelby Noonan 0-0: Called Strike
0-1: Ball
1-1: Grounds into double play, 5-4-3 (Groundball, 56)
Top of the 1st over - 0 runs, 0 hits, 0 errors, 0 left on base; Ellenburg 0 - Port Royal 0
BOTTOM OF THE 1ST
Port Royal Disaster batting - Pitching for Ellenburg Fighting Dachsunds : RHP Dennis Brown
Pitching: RHP Dennis Brown
Batting: LHB Ricky Payton 0-0: Called Strike
0-1: Called Strike
0-2: Foul Ball, location: 2F
0-2: Strikes out swinging
Batting: LHB Mitchell Cusimano 0-0: Swinging Strike
0-1: Ball
1-1: Ball
2-1: Foul Ball, location: 2F
2-2: Strikes out swinging
Batting: RHB Gary Chalmers 0-0: Ball
1-0: Ground out 5-3 (Groundball, 56)
Bottom of the 1st over - 0 runs, 0 hits, 0 errors, 0 left on base; Ellenburg 0 - Port Royal 0
TOP OF THE 2ND
Ellenburg Fighting Dachsunds batting - Pitching for Port Royal Disaster : RHP Masaharu Sakata
Batting: RHB Steve Koch 0-0: Foul Ball, location: 2F
0-1: Ground out 5-3 (Groundball, 56S)
Batting: LHB Vladya Pugiev 0-0: Ball
1-0: Ball
2-0: Fly out, F4 (Line Drive, 4)
Batting: RHB Alan McLennan 0-0: Ball
1-0: Called Strike
1-1: Foul Ball, location: 2F
1-2: Fly out, F9 (Flyball, 9S)
Top of the 2nd over - 0 runs, 0 hits, 0 errors, 0 left on base; Ellenburg 0 - Port Royal 0
BOTTOM OF THE 2ND
Port Royal Disaster batting - Pitching for Ellenburg Fighting Dachsunds : RHP Dennis Brown
Batting: RHB Steve Bock 0-0: Swinging Strike
0-1: Ball
1-1: Ball
2-1: Ball
3-1: Foul Ball, location: 2F
3-2: Strikes out swinging
Batting: LHB José Vázquez 0-0: Ball
1-0: Foul Ball, location: 2F
1-1: Swinging Strike
1-2: Ball
2-2: Fly out, F9 (Flyball, 9S)
Batting: RHB Jesús Ruano 0-0: Foul Ball, location: 2F
0-1: Fly out, F8 (Flyball, 8RS)
Bottom of the 2nd over - 0 runs, 0 hits, 0 errors, 0 left on base; Ellenburg 0 - Port Royal 0
TOP OF THE 3RD
Ellenburg Fighting Dachsunds batting - Pitching for Port Royal Disaster : RHP Masaharu Sakata
Batting: SHB Theron Montecalvo 0-0: Foul Ball, location: 2F
0-1: Foul Ball, location: 2F
0-2: Foul Ball, location: 2F
0-2: Ball
1-2: Ball
2-2: Ground out 4-3 (Groundball, 4)
Batting: RHB Daniel Riley 0-0: Foul Ball, location: 2F
0-1: Fly out, F8 (Flyball, 8LM)
Batting: RHB Ryan French 0-0: Swinging Strike
0-1: Foul Ball, location: 2F
0-2: Strikes out swinging
Top of the 3rd over - 0 runs, 0 hits, 0 errors, 0 left on base; Ellenburg 0 - Port Royal 0
BOTTOM OF THE 3RD
Port Royal Disaster batting - Pitching for Ellenburg Fighting Dachsunds : RHP Dennis Brown
Batting: SHB Aurelio Jiménez 0-0: Ball
1-0: Called Strike
1-1: Called Strike
1-2: Strikes out swinging
Batting: RHB Jesús Vargas 0-0: Called Strike
0-1: Called Strike
0-2: Strikes out swinging
Batting: SHB Arsenio Sameiro 0-0: Swinging Strike
0-1: Foul Ball, location: 2F
0-2: Ball
1-2: Ball
2-2: Strikes out swinging
Bottom of the 3rd over - 0 runs, 0 hits, 0 errors, 0 left on base; Ellenburg 0 - Port Royal 0
TOP OF THE 4TH
Ellenburg Fighting Dachsunds batting - Pitching for Port Royal Disaster : RHP Masaharu Sakata
Batting: LHB Francisco Alfaro 0-0: Ball
1-0: Called Strike
1-1: Foul Ball, location: 2F
1-2: Ball
2-2: Ball
3-2: Fly out, F2 (Popup, 25F)
Batting: RHB Manny Bendixen 0-0: Foul Ball, location: 2F
0-1: Ball
1-1: Foul Ball, location: 2F
1-2: SINGLE (Line Drive, 89S)
Batting: LHB Shelby Noonan 0-0: Called Strike
0-1: Ball
Throwing error on steal attempt, E2
Manny Bendixen to third
1-1: Foul Ball, location: 2F
1-2: Ball
2-2: Ball
3-2: Base on Balls
Batting: RHB Steve Koch 0-0: Ball
1-0: Called Strike
1-1: Ball
2-1: TRIPLE (Flyball, 9D)
Manny Bendixen scores
Shelby Noonan scores
Batting: LHB Vladya Pugiev 0-0: Called Strike
0-1: Ball
1-1: Called Strike
1-2: Foul Ball, location: 2F
1-2: Ball
2-2: Ball
3-2: Base on Balls
Batting: RHB Alan McLennan 0-0: Ball
Vladya Pugiev steals 2nd base
1-0: Ball
2-0: Fly out, F8 (Flyball, 8RD)
Runner from 3rd tags up, SCORES, throw made
Batting: SHB Theron Montecalvo 0-0: Ball
1-0: Fly out, F7 (Flyball, 7S)
Top of the 4th over - 3 runs, 2 hits, 1 error, 1 left on base; Ellenburg 3 - Port Royal 0
BOTTOM OF THE 4TH
Port Royal Disaster batting - Pitching for Ellenburg Fighting Dachsunds : RHP Dennis Brown
Batting: LHB Ricky Payton 0-0: Ball
1-0: Ground out 6-3 (Groundball, 6)
Batting: LHB Mitchell Cusimano 0-0: Ball
1-0: Called Strike
1-1: Fly out, F8 (Flyball, 8LD)
Batting: RHB Gary Chalmers 0-0: SINGLE (Line Drive, 8LS)
Batting: RHB Steve Bock 0-0: Ball
1-0: Ground out U3 (Groundball, 34S)
Bottom of the 4th over - 0 runs, 1 hit, 0 errors, 1 left on base; Ellenburg 3 - Port Royal 0
TOP OF THE 5TH
Ellenburg Fighting Dachsunds batting - Pitching for Port Royal Disaster : RHP Masaharu Sakata
Batting: RHB Daniel Riley 0-0: Called Strike
0-1: Ball
1-1: Ground out 6-3 (Groundball, 6M)
Batting: RHB Ryan French 0-0: SINGLE (Groundball, 4D)
Batting: LHB Francisco Alfaro 0-0: Ball
1-0: Ball
2-0: Ball
3-0: Base on Balls
Ryan French to second
Batting: RHB Manny Bendixen 0-0: Swinging Strike
Passed Ball!
Ryan French to third
Francisco Alfaro to second
0-1: Swinging Strike
0-2: Foul Ball, location: 2F
0-2: Foul Ball, location: 2F
0-2: Ground out U3 (Groundball, 34S)
Ryan French scores
Francisco Alfaro to third
Batting: LHB Shelby Noonan 0-0: Called Strike
0-1: Ball
1-1: Ball
2-1: Ball
3-1: Fly out, F9 (Flyball, 9D)
Top of the 5th over - 1 run, 1 hit, 0 errors, 1 left on base; Ellenburg 4 - Port Royal 0
BOTTOM OF THE 5TH
Port Royal Disaster batting - Pitching for Ellenburg Fighting Dachsunds : RHP Dennis Brown
Batting: LHB José Vázquez 0-0: Ball
1-0: SINGLE (Line Drive, 4M)
Batting: RHB Jesús Ruano 0-0: Ball
1-0: Called Strike
1-1: Swinging Strike
1-2: Ball
2-2: Grounds into double play, 4-6-3 (Groundball, 4)
Batting: SHB Aurelio Jiménez 0-0: Foul Ball, location: 2F
0-1: Ball
1-1: Ball
2-1: Swinging Strike
2-2: Ball
3-2: Ground out 6-3 (Groundball, 6S)
Bottom of the 5th over - 0 runs, 1 hit, 0 errors, 0 left on base; Ellenburg 4 - Port Royal 0
TOP OF THE 6TH
Ellenburg Fighting Dachsunds batting - Pitching for Port Royal Disaster : RHP Masaharu Sakata
Batting: RHB Steve Koch 0-0: Ball
1-0: Foul Ball, location: 2F
1-1: Ball
2-1: SINGLE (Groundball, 4MD)
Batting: LHB Vladya Pugiev 0-0: Called Strike
0-1: Ball
1-1: Foul Ball, location: 2F
1-2: Foul Ball, location: 2F
1-2: Grounds into double play, 6-4-3 (Groundball, 6D)
Batting: RHB Alan McLennan 0-0: Called Strike
0-1: Ball
1-1: SINGLE (Flyball, 78S)
Batting: SHB Theron Montecalvo 0-0: Called Strike
0-1: Fly out, F8 (Flyball, 8LD)
Top of the 6th over - 0 runs, 2 hits, 0 errors, 1 left on base; Ellenburg 4 - Port Royal 0
BOTTOM OF THE 6TH
Port Royal Disaster batting - Pitching for Ellenburg Fighting Dachsunds : RHP Dennis Brown
Batting: RHB Jesús Vargas 0-0: Ball
1-0: Foul Ball, location: 2F
1-1: Ball
2-1: Ball
3-1: Foul Ball, location: 2F
3-2: Fly out, F8 (Flyball, 8RD)
Batting: SHB Arsenio Sameiro 0-0: Ball
1-0: Ball
2-0: Called Strike
2-1: Called Strike
2-2: Ground out 5-3 (Groundball, 5)
Batting: LHB Ricky Payton 0-0: Ball
1-0: Ball
2-0: Fly out, F9 (Flyball, 9S)
Bottom of the 6th over - 0 runs, 0 hits, 0 errors, 0 left on base; Ellenburg 4 - Port Royal 0
TOP OF THE 7TH
Ellenburg Fighting Dachsunds batting - Pitching for Port Royal Disaster : RHP Masaharu Sakata
Batting: RHB Daniel Riley 0-0: Foul Ball, location: 2F
0-1: Ball
1-1: Fly out, F8 (Line Drive, 89M)
Batting: RHB Ryan French 0-0: SINGLE (Line Drive, 56D)
Batting: LHB Francisco Alfaro 0-0: Swinging Strike
0-1: Ball
1-1: Called Strike
1-2: Fielders Choice at 2nd, 3-6 (Groundball, 34)
Batting: RHB Manny Bendixen 0-0: Ball
1-0: Ball
2-0: Fielders Choice at 2nd, 6-4 (Groundball, 6)
Top of the 7th over - 0 runs, 1 hit, 0 errors, 1 left on base; Ellenburg 4 - Port Royal 0
BOTTOM OF THE 7TH
Port Royal Disaster batting - Pitching for Ellenburg Fighting Dachsunds : RHP Dennis Brown
Batting: LHB Mitchell Cusimano 0-0: Ball
1-0: Hit by Pitch
Batting: RHB Gary Chalmers 0-0: Ball
1-0: Called Strike
1-1: Foul Ball, location: 2F
1-2: Ball
2-2: Strikes out swinging
Batting: RHB Steve Bock 0-0: Ball
1-0: Called Strike
1-1: Ball
2-1: Foul Ball, location: 2F
2-2: Strikes out swinging
Batting: LHB José Vázquez 0-0: Fielders Choice at 2nd, 6-4 (Groundball, 6)
Bottom of the 7th over - 0 runs, 0 hits, 0 errors, 1 left on base; Ellenburg 4 - Port Royal 0
TOP OF THE 8TH
Ellenburg Fighting Dachsunds batting - Pitching for Port Royal Disaster : RHP Masaharu Sakata
Batting: LHB Shelby Noonan 0-0: Ball
1-0: Ball
2-0: Fly out, F7 (Flyball, 7D)
Batting: RHB Steve Koch 0-0: Called Strike
0-1: Ball
1-1: Ground out 5-3 (Groundball, 56)
Batting: LHB Vladya Pugiev 0-0: Ball
1-0: Ball
2-0: Called Strike
2-1: Foul Ball, location: 2F
2-2: Strikes out looking
Top of the 8th over - 0 runs, 0 hits, 0 errors, 0 left on base; Ellenburg 4 - Port Royal 0
BOTTOM OF THE 8TH
Port Royal Disaster batting - Pitching for Ellenburg Fighting Dachsunds : RHP Dennis Brown
Batting: RHB Jesús Ruano 0-0: Ball
1-0: Ball
2-0: Swinging Strike
2-1: Foul Ball, location: 2F
2-2: Ball
3-2: SINGLE (Groundball, 56) (infield hit)
Batting: SHB Aurelio Jiménez 0-0: Swinging Strike
0-1: Ball
1-1: Foul Ball, location: 2F
1-2: Ball
2-2: Foul Ball, location: 2F
2-2: SINGLE (Groundball, 34D)
Jesús Ruano to second
Runner from 2nd tries for 3rd, SAFE, no throw
Batting: RHB Jesús Vargas 0-0: Ball
1-0: Ball
2-0: Ball
3-0: Called Strike
3-1: Base on Balls
Aurelio Jiménez to second
Batting: SHB Arsenio Sameiro 0-0: Ball
1-0: Swinging Strike
1-1: Foul Ball, location: 2F
1-2: Foul Ball, location: 2F
1-2: Fly out, F7 (Flyball, 7S)
Batting: LHB Ricky Payton 0-0: Called Strike
0-1: Called Strike
0-2: Ball
1-2: Ball
2-2: Ball
3-2: Base on Balls
Jesús Ruano scores
Aurelio Jiménez to third
Jesús Vargas to second
Pitching: RHP Garrett Harrington
Batting: LHB Mitchell Cusimano 0-0: Called Strike
0-1: Ball
1-1: Fielders Choice at 2nd, 6-4 (Groundball, 6)
Aurelio Jiménez scores
Jesús Vargas to third
Batting: RHB Gary Chalmers 0-0: Ball
1-0: Ball
2-0: Ball
3-0: Base on Balls
Mitchell Cusimano to second
Batting: RHB Steve Bock 0-0: Fly out, F8 (Flyball, 8RS)
Bottom of the 8th over - 2 runs, 2 hits, 0 errors, 3 left on base; Ellenburg 4 - Port Royal 2
TOP OF THE 9TH
Ellenburg Fighting Dachsunds batting - Pitching for Port Royal Disaster : RHP Masaharu Sakata
Pitching: RHP Jorge Travieso
Batting: RHB Alan McLennan 0-0: Ball
1-0: Ball
2-0: Ball
3-0: Called Strike
3-1: Base on Balls
Batting: SHB Theron Montecalvo 0-0: Called Strike
0-1: Fly out, F6 (Line Drive, 6)
Batting: RHB Daniel Riley 0-0: Called Strike
0-1: Foul Ball, location: 2F
0-2: Fly out, F8 (Flyball, 8RS)
Batting: RHB Ryan French 0-0: Ball
Pickoff Throw to First - Error! E1
Alan McLennan to second
1-0: Ball
2-0: Called Strike
2-1: Ball
3-1: Base on Balls
Batting: LHB Francisco Alfaro 0-0: Called Strike
0-1: Ball
1-1: Ball
2-1: Foul Ball, location: 2F
2-2: Ground out 3-1 (Groundball, 34)
Top of the 9th over - 0 runs, 0 hits, 1 error, 2 left on base; Ellenburg 4 - Port Royal 2
BOTTOM OF THE 9TH
Port Royal Disaster batting - Pitching for Ellenburg Fighting Dachsunds : RHP Garrett Harrington
Pitching: RHP Kyung-un Yi
Batting: LHB José Vázquez 0-0: Called Strike
0-1: Fly out, F7 (Flyball, 7)
Batting: RHB Jesús Ruano 0-0: Fly out, F5 (Line Drive, 5)
Batting: SHB Aurelio Jiménez 0-0: Called Strike
0-1: Called Strike
0-2: Ball
1-2: Strikes out swinging
Bottom of the 9th over - 0 runs, 0 hits, 0 errors, 0 left on base; Ellenburg 4 - Port Royal 2
Tuesday, June 12th, 2018 - OOTP Baseball 18.8 Build 76